 Dungeon Sprint DCSS version 0.29.1-2-gbd0b4ee654 (webtiles) character file.

Game seed: 10920334969555479816

96 Groucho the Cutter (level 4, 4/38 HPs)
             Began as a Human Gladiator on Nov 5, 2022.
             Got out of the dungeon alive.
             The game lasted 00:01:32 (551 turns).

Groucho the Cutter (Human Gladiator)                 Turns: 551, Time: 00:01:32

Health: 4/38       AC:  4    Str: 15    XL:     4   Next: 98%
Magic:  4/4        EV: 14    Int:  8    God:
Gold:   0          SH:  0    Dex: 16    Spells: 3/3 levels left

rFire   . . .      SeeInvis .   a - +0 rapier
rCold   . . .      Faith    .   (no shield)
rNeg    . . .      Spirit   .   b - +0 leather armour
rPois   .          Reflect  .   c - +0 helmet
rElec   .          Harm     .   (no cloak)
rCorr   .          Rampage  .   (no gloves)
Will    .....      NoTele   +   (no boots)
Stlth   +++.......              (no amulet)
HPRegen 0.12/turn               (no ring)
MPRegen 0.09/turn               (no ring)

@: on berserk cooldown, hasted, very quick
A: no striking features
a: no special abilities


You escaped.
You visited 1 branch

Inventory:

Hand Weapons
 a - a +0 rapier (weapon)
Missiles
 d - 2 throwing nets (quivered)
Armour
 b - a +0 leather armour (worn)
 c - a +0 helmet (worn)
Scrolls
 k - a scroll of blinking
Potions
 i - 2 potions of magic


   Skills:
 + Level 4.7 Fighting
 + Level 5.2 Short Blades
 - Level 2.0 Throwing
 + Level 5.2 Dodging
 + Level 4.6 Stealth


You had 3 spell levels left.
You didn't know any spells.
Your spell library was empty.

Dungeon Overview and Level Annotations

Branches:
Dungeon (1/1)

Altars:


Message History

The white imp struggles against the net.
The white imp struggles against the net.
The white imp gestures at you. The puff of frost hits you.
* * * LOW HITPOINT WARNING * * *
The white imp struggles against the net.
There is an open door to the Dungeon, spattered with blood here.
Things that are here:
a +0 club; a +0 whip; 5 stones You close the door, pushing everything out of the way.
Things that are here:
5 stones; a +0 club
There is a staircase leading out of the dungeon here.
Okay, then.
You start resting.
Your attacks no longer feel as feeble.
You start resting.
There are monsters nearby!
There are monsters nearby!
There are monsters nearby!
Okay, then.
Okay, then.
You aren't carrying any items that you can evoke.
Unknown command.
Throw: javelin
Press: ? - help, Q - select action, (/) - cycle Shift-Dir - straight line, f/p - white imp
Aim: a white imp (severely wounded, 63% to hit)
You throw a javelin.
The javelin pierces through the white imp but does no damage.
The white imp is severely wounded.
The javelin barely misses the gnoll bouda.
Unknown command.
Unknown command.
Unknown command.
Okay, then.
Are you sure you want to leave the Dungeon?
This will make you lose the game!
Alright, then stay!
Are you sure you want to leave the Dungeon?
This will make you lose the game!
You feel yourself speed up.
You have escaped!

▓.▓
▓(▓
▓.▓
▓g▓
▓'▓
▓5▓
▓.▓
▓.▓
▓@▓
▓▓▓


You could see a gnoll bouda and a white imp.

Vanquished Creatures
  A scorpion (D)
  A hound (D)
  An orc (D)
  A bat (D)
  An endoplasm (D)
  A goblin (D)
  A ball python (D)
  A kobold (D)
8 creatures vanquished.

Notes
Turn   | Place    | Note
-------+----------+-------------------------------------------
     0 | D        | Groucho the Human Gladiator began the quest for the Orb.
     0 | D        | Reached XP level 1. HP: 16/16 MP: 1/1
     9 | D        | Reached skill level 1 in Stealth
   497 | D        | Noticed a gnoll bouda
   497 | D        | Noticed a scorpion
   497 | D        | Noticed a hound
   509 | D        | Killed a hound
   510 | D        | Reached XP level 2. HP: 24/24 MP: 2/2
   510 | D        | Reached XP level 3. HP: 29/29 MP: 3/3
   517 | D        | Killed a scorpion
   518 | D        | Reached skill level 5 in Short Blades
   518 | D        | Reached skill level 5 in Dodging
   518 | D        | Reached XP level 4. HP: 38/38 MP: 4/4
   551 | D        | Got out of the dungeon alive.

Illustrated notes

Levels and vault maps discovered:
D:        linesprint [early_d, line_temple, items_1, d_10, items_2, lair_1,
          lair_end, items_3, orc_1, orc_end, items_4, d_15, swamp_1, shoals_1,
          snake_1, spider_1, d_20, vaults_1, items_5, swamp_end, shoals_end,
          snake_end, spider_end, vaults_end, d_27, items_6, zot_1, zot_end,
          crypt_end, forest_end, elf_end, slime_end, tomb_end, abyss_end,
          pan_hell_end]

Skill      XL: |  1  2  3 |
---------------+----------+-----
Stealth        | 3 4 |  4.6
Fighting       | 3 4 |  4.7
Short Blades   | 4 5 |  5.2
Dodging        | 4 5 |  5.2
Throwing       | |  2.0

Action                   |  1- 3 |  4- 6 || total
-------------------------+-------+-------++-------
Melee: Rapier            |    31 |    11 ||    42
Throw: Javelin           |       |     1 ||     1
       Throwing net      |       |     1 ||     1
  Use: Potion            |     2 |     2 ||     4
Armor: Leather armour    |    10 |     3 ||    13
Dodge: Dodged            |    23 |     9 ||    32
